 Dungeon Crawl Stone Soup version 0.20.0-10-g0535bb4 (webtiles) character file.

64 maniacrov the Poker (level 4, -1/34 HPs)
             Began as a Merfolk Gladiator on June 4, 2017.
             Was an Initiate of Fedhas.
             Slain by Sigmund
             ... wielding a +4 antimagic scythe
              (11 damage)
             ... on level 3 of the Dungeon.
             The game lasted 00:11:32 (1199 turns).

maniacrov the Poker (Merfolk Gladiator)             Turns: 1199, Time: 00:11:33

Health: -1/34      AC:  4    Str: 14    XL:     4   Next: 12%
Magic:  0/4        EV: 14    Int:  7    God:    Fedhas [......]
Gold:   96         SH:  4    Dex: 16    Spells: 3/3 levels left

rFire    . . .     SeeInvis .   k - +0 spear
rCold    . . .     Gourm    .   l - +0 buckler
rNeg     . . .     Faith    .   b - +0 leather armour
rPois    .         Spirit   .   c - +0 helmet
rElec    .         Reflect  .   (no cloak)
rCorr    .         Harm     .   (no gloves)
MR       .....                  (no boots)
Stlth    +.........             g - amulet of rage
Regen    0.2/turn               (no ring)
MPRegen  0.1/turn               (no ring)

@: no status effects
A: change form in water, swift swim, stealthy swim
a: Fungal Bloom, Renounce Religion, Evoke Berserk Rage


You were on level 3 of the Dungeon.
You worshipped Fedhas.
Fedhas was noncommittal.
You were not hungry.

You visited 1 branch of the dungeon, and saw 3 of its levels.

You collected 96 gold pieces.

Inventory:

Hand Weapons
 a - a +0 trident
 k - a +0 spear (weapon)
Missiles
 d - 3 throwing nets (quivered)
 e - 4 stones
Armour
 b - a +0 leather armour (worn)
 c - a +0 helmet (worn)
 l - a +0 buckler (worn)
Jewellery
 g - an amulet of rage (around neck)
Scrolls
 m - 2 scrolls of remove curse {unknown}
Potions
 j - 2 potions of degeneration {unknown}
Comestibles
 f - a meat ration
 h - a royal jelly


   Skills:
 + Level 2.4 Fighting
 + Level 5.7 Polearms
 * Level 2.2 Throwing
 - Level 0.1 Armour
 + Level 5.0 Dodging
 * Level 0.2 Shields


You had 3 spell levels left.
You didn't know any spells.

Dungeon Overview and Level Annotations

Branches:
Dungeon (3/15)

Altars:
Fedhas
Hepliaklqana
Nemelex Xobeh
Trog
Zin
The Shining One

Annotations:
D:3 Sigmund


Message History

Things that are here:
a steel javelin; a club You hit Sigmund but do no damage.
Sigmund is severely wounded.
Sigmund casts a spell at you. The magic dart hits you!
* * * LOW HITPOINT WARNING * * *
You hit Sigmund but do no damage.
Sigmund is severely wounded.
Sigmund casts a spell.
Sigmund flickers and vanishes!
Deactivating autopickup; reactivate with Ctrl-A.
You completely miss something. You block something's attack.
You hit something. You hit something but do no damage.
You hear some strange, mumbled words.
Something tries to affect you, but you resist.
You hit something. Something hits you!
You die...
Fedhas appreciates your contribution to the ecosystem.

.. . . ##.
.# (. #.. ..
...####.# ..
....#^# .#
##...# .#
#..<.###.#
#...##.@(#.#
#.. ###{<)#
# ##......#
...#####
.#..# #.#..#
# #..# #..#
##.#


There were no monsters in sight!

Vanquished Creatures
  An adder (D:2)
  A worm (D:2)
  An orc (D:3)
  5 bats
  A giant cockroach (D:1)
  5 goblins (D:1)
  5 hobgoblins
  11 jackals
  4 kobolds (D:1)
  2 ball pythons
  5 frilled lizards
  5 rats
46 creatures vanquished.

Vanquished Creatures (others)
  4 toadstools (D:2)
4 creatures vanquished.

Grand Total: 50 creatures vanquished

Notes
Turn   | Place    | Note
-------+----------+-------------------------------------------
     0 | D:1      | maniacrov the Merfolk Gladiator began the quest for the Orb.
     0 | D:1      | Reached XP level 1. HP: 16/16 MP: 1/1
   123 | D:1      | Reached XP level 2. HP: 16/22 MP: 2/2
   170 | D:1      | Reached skill level 5 in Polearms
   401 | D:1      | Reached XP level 3. HP: 19/27 MP: 3/3
   636 | D:2      | Found a glowing silver altar of Zin.
   709 | D:2      | Found a sparkling altar of Nemelex Xobeh.
   760 | D:2      | Found a hazy altar of Hepliaklqana.
   874 | D:2      | Reached skill level 5 in Dodging
  1004 | D:2      | Found a glowing golden altar of the Shining One.
  1004 | D:2      | Found a bloodstained altar of Trog.
  1004 | D:2      | Found a blossoming altar of Fedhas.
  1033 | D:2      | Became a worshipper of Fedhas Madash
  1114 | D:2      | Reached XP level 4. HP: 34/34 MP: 4/4
  1175 | D:3      | Noticed Sigmund
  1199 | D:3      | Slain by Sigmund

Skill      XL: |  1  2  3 |
---------------+----------+-----
Polearms       | 5 |  5.7
Dodging        | 5 |  5.0
Fighting       | |  2.4
Throwing       | |  2.2
Armour         | |  0.1
Shields        | |  0.2

Action                   |  1- 3 |  4- 6 || total
-------------------------+-------+-------++-------
Melee: Trident           |   161 |       ||   161
       Spear             |       |    12 ||    12
Throw: Stone             |     7 |       ||     7
       Javelin           |    16 |     6 ||    22
       Throwing net      |     1 |       ||     1
Invok: Fungal Bloom      |     2 |       ||     2
  Use: Scroll            |     6 |       ||     6
       Potion            |     1 |     1 ||     2
 Stab: Sleeping          |     2 |       ||     2
  Eat: Bread ration      |     1 |       ||     1
Armor: Leather armour    |    47 |       ||    47
Dodge: Dodged            |   150 |     1 ||   151
Block: Buckler           |     2 |     3 ||     5
